 Dungeon Crawl Stone Soup version 0.31.0-11-ge490571c62 (webtiles) character file.

Game seed: 13313385866548179467

303 Ashen the Grasshopper (level 6, -2/56 HPs)
             Began as a Naga Warper on Jan 27, 2024.
             Slain by a killer bee (8 damage)
             ... on level 4 of the Dungeon.
             The game lasted 00:07:18 (2986 turns).

Ashen the Grasshopper (Naga Warper)                 Turns: 2986, Time: 00:07:20

Health: -2/56      AC:  4    Str: 13    XL:     6   Next: 38%
Magic:  8/10       EV:  9    Int: 15    God:
Gold:   179        SH:  0    Dex: 11    Spells: 4/10 levels left

rFire   . . .        a - +0 spear
rCold   . . .        (no shield)
rNeg    . . .        b - +0 leather armour
rPois   +            (no helmet)
rElec   .            r - +0 cloak
rCorr   .            (no gloves)
SInv    +            (no barding)
Will    .....        e - amulet of the acrobat
Stlth   ++           p - +4 ring of slaying
HPRegen 0.29/turn    (no ring)
MPRegen 0.12/turn

%: acrobat
@: on blink cooldown, very slow
A: AC +2, large, see invisible, deformed body, poison resistance, slowness 2,
spit poison 1, naga tail 1
a: Spit Poison


You were on level 4 of the Dungeon.
You visited 1 branch of the dungeon, and saw 4 of its levels.

You collected 179 gold pieces.

Inventory:

Hand Weapons
 a - a +0 spear (weapon)
Missiles
 d - 9 poisoned darts (quivered)
Armour
 b - a +0 leather armour (worn)
 r - a +0 cloak (worn)
Jewellery
 e - an amulet of the acrobat (around neck)
 p - a +4 ring of slaying (left hand)
Scrolls
 c - a scroll of blinking
 g - 2 scrolls of teleportation {unknown}
 j - 3 scrolls of revelation {unknown}
 k - a scroll of poison {unknown}
 l - 2 scrolls of identify {unknown}
 m - a scroll of vulnerability {unknown}
 o - a scroll of fear {unknown}
 t - 4 scrolls of brand weapon {unknown}
Potions
 f - a potion of enlightenment {unknown}
 h - 2 potions of curing
 i - a potion of mutation {unknown}
 n - a potion of cancellation {unknown}
 q - a potion of resistance {unknown}
 s - a potion of attraction {unknown}
 u - a potion of degeneration {unknown}
 v - 2 potions of lignification {unknown}
 w - a potion of haste {unknown}


   Skills:
 + Level 3.0 Fighting
 + Level 3.2 Polearms
 - Level 1.0 Throwing
 + Level 1.9 Armour
 + Level 2.4 Dodging
 + Level 2.2 Stealth
 + Level 2.9 Spellcasting
 + Level 3.7 Translocations


You had 4 spell levels left.
You knew the following spells:

 Your Spells              Type           Power      Damage    Failure   Level
a - Blink                 Tloc           26%        N/A       9%          2
b - Manifold Assault      Tloc           13%        N/A       47%         4

Your spell library contained the following spells:

 Spells                   Type           Power      Damage    Failure   Level
 Apportation              Tloc           26%        N/A       5%          1
 Lesser Beckoning         Tloc           26%        N/A       9%          2
 Teleport Other           Tloc           13%        N/A       16%         3
 Necrotise                Necr           8%         1d4       26%         1
 Sting                    Conj/Alch      8%         1d3       26%         1
 Summon Small Mammal      Summ           8%         N/A       26%         1
 Mercury Vapours          Alch/Air       4%         N/A       36%         2
 Mephitic Cloud           Conj/Alch/Air  2%         N/A       61%         3
 Vhi's Electric Charge    Tloc/Air       14%        N/A       75%         4
 Freezing Cloud           Conj/Ice/Air   1%         6-21      100%        5


Dungeon Overview and Level Annotations

Branches:
Dungeon (4/15)
 Temple: D:4-7

Altars:

Shops:
D:3 [

Annotations:
D:3 1 runed translucent door, melvinkitnick's ghost, amateur OnGl


Innate Abilities, Weirdness & Mutations

Your serpentine skin is tough. (AC +2)
You have supernaturally acute eyesight. (SInv)
Armour fits poorly on your strangely shaped body.
Your system is resistant to poisons. (rPois)
You cover ground very slowly.
You can spit poison.
You have a snake-like lower body.


Message History

The killer bee stings you.
* * * LOW HITPOINT WARNING * * *
The killer bee closely misses you.
You hit the killer bee.
The killer bee is moderately wounded.
The killer bee stings you.
* * * LOW HITPOINT WARNING * * *
The killer bee closely misses you.
Unknown command.
Press: ? - help, v - describe, . - travel, g - get item
Here: a killer bee (moderately wounded, poisoned) Item here: a poisoned dart.
The floor.
You hit the killer bee but do no damage.
The killer bee is moderately wounded.
The killer bee barely misses you. The killer bee stings you.
* * * LOW HITPOINT WARNING * * *
Unknown command.
Casting: Blink (safe; 9% risk of failure)
Confirm with . or Enter, or press ? or * to list all spells.
You blink.
Unknown command.
Unknown command.
You feel a bit more experienced.
Casting: Blink (safe; 9% risk of failure)
Confirm with . or Enter, or press ? or * to list all spells.
Okay, then.
Reach: a) +0 spear
Press: ? - help, Dir - move target, f - killer bee
Aim: a killer bee (heavily wounded, about 60% to evade your +0 spear)
You reach to attack!
You closely miss the killer bee.
The killer bee is heavily wounded.
The killer bee barely misses you.
Reach: a) +0 spear
Press: ? - help, Dir - move target, f/p - killer bee
Aim: a killer bee (heavily wounded, about 60% to evade your +0 spear)
You hit the killer bee.
The killer bee is severely wounded.
The killer bee closely misses you. The killer bee stings you!
You die...

..#.####..# #.##.#
###.......#####.#..#.#
.<#.##..#.......#..#.#
.......##.#######.##..
..##.####.# #....##.##
#.##.####.# #.#####.. #
.......##.# #.#...#.#.#
..##.#.##.####.#.#.#.#.#
.....#....##...#@#.....#
...............#y###.###
................y#
#)####
...............#.#
#....#
...............###
###.## ###.............
#.#
#............#######.#
###.....###.##y........#
.........<..##y#########


You could see 2 killer bees.

Vanquished Creatures
  A phantom (D:4)
  2 killer bees (D:4)
  An orc wizard (D:3)
  5 adders
  2 dart slugs (D:3)
  7 orcs (D:3)
  A bat (D:2)
  8 endoplasms
  6 goblins
  5 hobgoblins
  12 kobolds
  4 quokkas
  5 ball pythons
  2 frilled lizards
  4 rats
65 creatures vanquished.

Notes
Turn   | Place    | Note
-------+----------+-------------------------------------------
     0 | D:1      | Ashen the Naga Warper began the quest for the Orb.
     0 | D:1      | Reached XP level 1. HP: 19/19 MP: 3/3
    56 | D:1      | Found a faded altar of an unknown god.
   159 | D:1      | Reached skill level 1 in Throwing
   215 | D:1      | Reached XP level 2. HP: 17/26 MP: 5/5
   425 | D:1      | Reached skill level 1 in Armour
  1018 | D:2      | Reached XP level 3. HP: 15/32 MP: 6/6
  1131 | D:2      | Learned a level 2 spell: Blink
  1337 | D:2      | Reached XP level 4. HP: 36/40 MP: 7/7
  1704 | D:3      | HP: 1/40 [orc/+0 trident (5)]
  1746 | D:3      | Learned a level 4 spell: Manifold Assault
  1898 | D:3      | Found Zoptixku's Armour Shoppe.
  2210 | D:3      | Reached XP level 5. HP: 46/46 MP: 8/8
  2723 | D:3      | Found a runed translucent door.
  2756 | D:3      | Noticed melvinkitnick's ghost (amateur OnGl)
  2772 | D:4      | Noticed a phantom
  2789 | D:4      | Killed a phantom
  2790 | D:4      | Reached skill level 1 in Stealth
  2975 | D:4      | Reached XP level 6. HP: 24/56 MP: 10/10
  2986 | D:4      | Slain by a killer bee

Illustrated notes

Levels and vault maps discovered:
D:1:      kennysheep_arrival_seaside, layout_loops_cross,
          hellmonk_ecumenical_altar_pennies_from_heaven, st_stairs_13,
          nicolae_twisty_statue_hallways
D:2:      layout_basic, chequers_serial_rivers_large_a
D:3:      minmay_chambers_of_threes, layout_basic,
          ebering_ghost_reflecting_pool, serial_shops,
          nicolae_shop_hallway_stairs, minmay_misc_feat_rugged
D:4:      layout_basic, okawaru_gym_becter, evilmike_ruin_ashenzari,
          old_standard_altar, serial_rivers, chequers_serial_rivers_micro_d,
          chequers_serial_rivers_micro_c, chequers_serial_rivers_micro_a,
          chequers_serial_rivers_room_a, cheibrodos_sewer_entry_bend

Skill      XL: |  1  2  3  4  5 |
---------------+----------------+-----
Throwing       | 1 |  1.0
Armour         | 1 |  1.9
Dodging        | 2 |  2.4
Polearms       | 3 |  3.2
Stealth        | 2 |  2.2
Fighting       | 3 |  3.0
Spellcasting   | |  2.9
Translocations | |  3.7

Action                     |  1- 3 |  4- 6 || total
---------------------------+-------+-------++-------
  Melee: Spear             |   108 |   135 ||   243
         Punch             |     2 |       ||     2
  Throw: Dart              |       |     9 ||     9
   Cast: Blink             |       |     2 ||     2
Ability: Spit Poison       |       |     2 ||     2
    Use: Potion            |       |     2 ||     2
   Stab: Sleeping          |       |     3 ||     3
 Armour: Leather armour    |    57 |    88 ||   145
  Dodge: Dodged            |    38 |    65 ||   103
